Map: Neon Violet Square LE

Players

Nathanias

  • Race: Protoss Protoss
  • League: Master
  • Spawn Location: 5:00

sociologist - Winner!

  • Race: Protoss Protoss
  • League: Master
  • Spawn Location: 11:00

VOD

Have the link to the VOD?

Description

meeK vs Nathanias

Time

  • Played on: March 27, 2018, 10:57 p.m.
  • Length: 2:19
Show
View Real Time Build Order
Export as new Build Order

Nathanias Protoss 

Build Orders:  

Get SALT Encoding   

  12  0:00  Probe  
  13  0:13  Probe  
  14  0:18  Pylon  
  14  0:25  Probe  
  15  0:37  Probe (Chrono Boost)  
  15  0:42  Gateway  
  16  0:46  Probe (Chrono Boost)  
  16  0:48  Assimilator  
  17  0:51  Probe (Chrono Boost)  
  18  1:00  Assimilator  
  19  1:08  Gateway  
  18  1:12  Probe (Chrono Boost)  
  19  1:23  Probe (Chrono Boost)  
  20  1:30  Cybernetics Core  
  21  1:47  Gateway  
  21  2:00  Probe  
  20  2:06  Pylon  
Show
View Real Time Build Order
Export as new Build Order

sociologist Protoss - Winner!

Build Orders: Cannon Rush 

Get SALT Encoding   

  12  0:00  Probe (Chrono Boost)  
  13  0:10  Probe (Chrono Boost)  
  14  0:19  Pylon  
  14  0:24  Probe  
  15  0:37  Probe  
  15  0:39  Forge  
  16  0:49  Probe  
  17  0:55  Pylon  
  17  1:02  Probe (Chrono Boost)  
  18  1:15  Photon Cannon  
  18  1:16  Pylon  
  18  1:23  Pylon  
  18  1:45  Photon Cannon x2  
  18  1:58  Probe (Chrono Boost)  
  17  2:08  Assimilator  
  17  2:10  Gateway  
  17  2:11  Probe (Chrono Boost)  
Tags
 
Add a new tag
Caveats
  • Supply blocks, unpowered buildings, or Contaminate may cause inaccurate times.
  • Supply counts are checked every 10 seconds.